AoeStats
← Dazai

MegaRandom

506444888Analyzed
2v2 RM · 19d ago on Sep 13, 2026· 52m 19s· 4 players
Game mode
Random Map
Map size
Medium (4 player)
Population
200
Speed
Normal
Resources
Standard
Victory
Conquest
Starting age
Dark Age
Ending age
Imperial Age
RankedLock teamsTeams togetherTeam positionsShared explorationLock speedFull tech treeHidden civsTurbo modeCheats
Victory
Defeat
🇫🇷 Lithuanians · France
1182
+11
🇫🇷 Britons · France
977
+18
🇦🇷 Mongols · Argentina
1050
-15
🇦🇷 Malians · Argentina
1046
-14
Dazai
7:29 Loom
12:24 Feudal Age
13:00 Double-Bit Axe
20:37 Scale Barding Armor
21:26 Fletching
23:02 Padded Archer Armor
26:13 Castle Age
26:31 Bloodlines
26:34 Forging
31:45 Chain Barding Armor
42:29 Iron Casting
45:25 Pikeman
PocholA!
10:49 Loom
13:50 Feudal Age
15:47 Double-Bit Axe
21:58 Castle Age
20:40 Forging
20:52 Man-at-Arms
21:45 Scale Mail Armor
24:34 Gold Mining
24:56 Pikeman
26:21 Gold Shaft Mining
27:27 Iron Casting
28:37 Squires
41:35 Imperial Age
42:50 Conscription
47:29 Chain Mail Armor
48:07 Conscription
48:55 Plate Mail Armor
simchen
14:19 Feudal Age
18:10 Fletching
21:04 Loom
27:48 Wheelbarrow
36:13 Castle Age
39:17 Squires
40:11 Crossbowman
40:50 Pikeman
Joflongo
14:24 Feudal Age
16:06 Loom
19:00 Castle Age
22:03 Double-Bit Axe
22:01 Horse Collar
26:01 Fervor
28:07 Husbandry
29:39 Hill Forts
31:30 Heavy Plow
37:25 Imperial Age
36:25 Scale Barding Armor
36:33 Bloodlines
36:31 Town Watch
37:21 Wheelbarrow
37:30 Elite Leitis
38:33 Chain Barding Armor
38:45 Forging
42:56 Bow Saw
43:16 Conscription
43:36 Plate Barding Armor
45:08 Hand Cart
44:53 Town Patrol
46:44 Iron Casting
47:07 Fletching
48:01 Bodkin Arrow
49:33 Bracer
51:01 Ballistics
51:41 Chemistry
50:38 Murder Holes
51:42 Padded Archer Armor
Connection lost

Rejoining the realm…

Still unreachable

The connection could not be restored.

Session expired

The server has moved on; the page needs a fresh start.